 Dungeon Crawl Stone Soup version 0.30-a0-862-g1aabd4f9c5 (webtiles) character file.

Game seed: 6986875927242309157

1204 BlueFish the Sneak (level 8, -2/55 (57) HPs)
             Began as a Vampire Enchanter on Mar 8, 2023.
             Was an Initiate of Dithmenos.
             Slain by a wight
             ... wielding a +0 hand axe
              (3 damage)
             ... on level 7 of the Dungeon.
             The game lasted 00:16:05 (6077 turns).

BlueFish the Sneak (Vampire Enchanter)              Turns: 6077, Time: 00:16:05

HP:   -2/55 (57)    AC:  4    Str:  7    XL:     8   Next: 21%
MP:   11/13         EV: 14    Int: 17    God:    Dithmenos [......]
Gold: 338           SH:  0    Dex: 17    Spells: 6/14 levels left

rFire   . . .      SeeInvis +    b - +0 rapier
rCold   . . .      Faith    .    (no shield)
rNeg    . . .      Spirit   .    h - +0 robe
rPois   .          Reflect  +    y - +0 helmet
rElec   .          Rampage  .    (no cloak)
rCorr   .                        (no gloves)
Will    .....                    f - +0 pair of boots
Stlth   ++                       g - amulet of reflection
HPRegen 0.49/turn                (no ring)
MPRegen 0.13/turn                (no ring)

@: confused, healing quickly, lightly drained
A: alive, fangs 3, see invisible, vampiric 2
a: Exsanguinate, Renounce Religion


You were on level 7 of the Dungeon.
You worshipped Dithmenos.
Dithmenos was noncommittal.
You visited 2 branches of the dungeon, and saw 8 of its levels.

You collected 338 gold pieces.

Inventory:

Hand Weapons
 a - a +1 dagger
 b - a +0 rapier (weapon)
 x - a +0 short sword
Missiles
 w - 20 poisoned darts (quivered)
 B - 2 boomerangs
Armour
 f - a +0 pair of boots (worn)
 h - a +0 robe (worn)
 y - a +0 helmet (worn)
Jewellery
 e - an amulet of regeneration
 g - an amulet of reflection (around neck)
 v - an amulet of magic regeneration
Wands
 E - a wand of flame (8)
Scrolls
 i - 3 scrolls of immolation
 j - a scroll of blinking
 k - 3 scrolls of silence
 l - a scroll of enchant armour {unknown}
 q - a scroll of fog {unknown}
 r - a scroll of teleportation
 t - a scroll of vulnerability
Potions
 c - 2 potions of invisibility
 d - a potion of degeneration {unknown}
 m - a potion of resistance {unknown}
 n - 2 potions of brilliance {unknown}
 o - 3 potions of might
 p - a potion of curing
 s - 2 potions of lignification {unknown}
 u - 2 potions of magic {unknown}
 z - a potion of heal wounds {unknown}
 A - 2 potions of attraction {unknown}


   Skills:
 + Level 2.8 Fighting
 + Level 3.8 Short Blades
 + Level 2.2 Throwing
 + Level 2.4 Armour
 + Level 4.3 Dodging
 + Level 7.0 Stealth
 + Level 3.8 Spellcasting
 + Level 6.9 Hexes


You had 6 spell levels left.
You knew the following spells:

 Your Spells              Type           Power      Damage    Failure   Level
a - Ensorcelled Hibernat  Hex/Ice        30%        N/A       6%          2
b - Confusing Touch       Hex            26%        N/A       2%          3
c - Tukima's Dance        Hex            26%        N/A       2%          3

Your spell library contained the following spells:

 Spells                   Type           Power      Damage    Failure   Level
 Dazzling Flash           Conj/Hex       30%        N/A       12%         3
 Lesser Beckoning         Tloc           6%         N/A       24%         2
 Sublimation of Blood     Necr           3%         N/A       24%         2
 Wereblood                Tmut           3%         N/A       24%         2
 Gell's Gravitas          Tloc           3%         N/A       43%         3
 Stone Arrow              Conj/Erth      6%         3d7       43%         3
 Teleport Other           Tloc           3%         N/A       43%         3
 Silence                  Hex/Air        7%         N/A       73%         5
 Animate Armour           Summ/Erth      6%         N/A       85%         4
 Agony                    Necr           3%         N/A       99%         5
 Summon Hydra             Summ           1%         N/A       100%        7
 Lehudib's Crystal Spear  Conj/Erth      1%         10d2      100%        8


Dungeon Overview and Level Annotations

Branches:
Dungeon (7/15)             Temple (1/1) D:5

Altars:
Ashenzari
Cheibriados
Dithmenos
Fedhas
Gozag
Hepliaklqana
Kikubaaqudgha
Nemelex Xobeh
Okawaru
Qazlal
Ru
Sif Muna
Trog
Vehumet
Wu Jian
Xom
Yredelemnul

Annotations:
D:7 1 transporter


Innate Abilities, Weirdness & Mutations

Your natural rate of healing is accelerated.
You have razor-sharp teeth.
You have supernaturally acute eyesight. (SInv)
You are afflicted with vampirism and can become a bat while bloodless.


Message History

The orc zaps a wand.
Your will is overpowered!
You are confused.
The deep elf pyromancer hits you with a +0 short sword.
You hit the deep elf pyromancer.
The deep elf pyromancer is severely wounded.
The deep elf pyromancer hits you with a +0 short sword.
You bump into the rock wall.
The orc hits you but does no damage.
The deep elf pyromancer hits you with a +0 short sword.
The ice beast barely misses you.
The deep elf pyromancer attacks as you move away!
The deep elf pyromancer hits you but does no damage.
The ice beast attacks as you move away! The ice beast completely misses you.
The orc zaps a wand.
You easily resist.
The orc attacks as you move away! The orc barely misses you.
A wight comes into view. It is wielding a +0 hand axe.
The deep elf pyromancer mumbles some strange words.
You bump into the rock wall.
The orc closely misses you.
The deep elf pyromancer gestures at you while chanting.
The sticky flame misses you.
You're too confused to move!
You feel less confused. The orc completely misses you.
The deep elf pyromancer gestures at you while chanting.
The bolt of fire hits you!!
Ouch! That really hurt!
* * * LOW HITPOINT WARNING * * *
The orc attacks as you move away! The orc hits you with a +0 hand axe.
* * * LOW HITPOINT WARNING * * *
A kobold brigand comes into view.
It is wielding a +0 club and quivering poisoned darts.
The kobold brigand shouts!
The orc zaps a wand.
Your will is overpowered!
You are confused.
The wight misses you.
You bump into the rock wall.
The wight closely misses you.
You bump into the rock wall.
The wight barely misses you. The orc barely misses you.
You bump into the rock wall.
The wight hits you with a +0 hand axe!
* * * LOW HITPOINT WARNING * * *
You feel drained.
You die...

.. #.#.... #....#.
©...# ##....#.### ....#
##.....#... ....#
##...#.. ..#
....###....#.###!# ##.
....##.....#.EYo@#.....
....#...#...E☼#ezK..#
....#...#.###°#.###.#
....#...#..○EY#.. #
######......○.....
......#............
...##.###########...
.#.##.# .### .#.##)# .#


You could see a deep elf pyromancer, 2 fire elementals, an ice beast, a kobold
brigand, a wight and an orc.

Vanquished Creatures
  Prince Ribbit (D:5)
  A water moccasin (D:5)
  2 ogres
  A bullfrog (D:6)
  A howler monkey (D:7)
  An iron imp (D:4)
  An orc priest (D:5)
  2 sleepcaps
  2 jellies (D:6)
  3 hounds
  Jessica (D:2)
  2 iguanas
  2 orc wizards
  4 adders
  5 gnolls
  A white imp (D:5)
  2 worms
  2 dart slugs
  14 orcs
  4 ball pythons
  3 bats (D:2)
  10 endoplasms
  2 giant cockroaches
  8 goblins
  4 hobgoblins
  9 jackals
  7 quokkas
  3 frilled lizards
  12 kobolds
  3 rats
113 creatures vanquished.

Vanquished Creatures (collateral kills)
  A gnoll (D:5)
  A white imp (D:5)
  2 kobolds (D:5)
4 creatures vanquished.

Vanquished Creatures (others)
  2 dancing weapons
2 creatures vanquished.

Grand Total: 119 creatures vanquished

Notes
Turn   | Place    | Note
-------+----------+-------------------------------------------
     0 | D:1      | BlueFish the Vampire Enchanter began the quest for the Orb.
     0 | D:1      | Reached XP level 1. HP: 13/13 MP: 3/3
   184 | D:1      | Reached XP level 2. HP: 19/19 MP: 5/5
   188 | D:1      | Learned a level 2 spell: Ensorcelled Hibernation
   658 | D:1      | Found a faded altar of an unknown god.
  1026 | D:1      | Gained mutation: You are afflicted with vampirism and can
                  | become a bat while bloodless. [Vampire growth]
  1026 | D:1      | Reached XP level 3. HP: 25/25 MP: 6/6
  1030 | D:1      | Learned a level 3 spell: Confusing Touch
  2091 | D:2      | Noticed Jessica
  2101 | D:2      | Killed Jessica
  2102 | D:2      | Reached skill level 1 in Fighting
  2102 | D:2      | Reached skill level 1 in Armour
  2102 | D:2      | Reached skill level 5 in Stealth
  2102 | D:2      | Reached XP level 4. HP: 32/32 MP: 4/7
  2104 | D:2      | Reached skill level 5 in Hexes
  2543 | D:3      | Found a bloodstained altar of Trog.
  2544 | D:3      | Noticed an ogre
  2585 | D:3      | Killed an ogre
  2586 | D:3      | Reached XP level 5. HP: 10/37 MP: 0/8
  2669 | D:3      | Learned a level 3 spell: Tukima's Dance
  3051 | D:4      | Found a snail-covered altar of Cheibriados.
  3292 | D:4      | Reached XP level 6. HP: 42/43 MP: 4/10
  3534 | D:4      | Reached skill level 1 in Throwing
  3574 | D:4      | Found a shimmering altar of Xom.
  3578 | D:4      | You fall into a shaft and drop 2 floors!
  3838 | D:5      | Entered Level 5 of the Dungeon
  3854 | D:5      | Reached skill level 6 in Stealth
  3892 | D:5      | Found a staircase to the Ecumenical Temple.
  3917 | Temple   | Entered the Ecumenical Temple
  3923 | Temple   | Became a worshipper of Dithmenos the Shadowed
  4136 | D:5      | Noticed Prince Ribbit
  4293 | D:5      | Killed Prince Ribbit
  4294 | D:5      | Reached XP level 7. HP: 48/50 MP: 2/11
  5563 | D:5      | Reached XP level 8. HP: 56/57 MP: 8/13
  6017 | D:7      | Found a transporter.
  6037 | D:7      | Reached skill level 7 in Stealth
  6050 | D:7      | Noticed a deep elf pyromancer
  6077 | D:7      | HP: 1/57 [wight/+0 hand axe (12)]
  6077 | D:7      | Slain by a wight

Illustrated notes

Levels and vault maps discovered:
D:1:      wheals_arrival_shading, layout_basic, chequers_ecumenical_altar_grove,
          minmay_misc_feat_iff, ebering_dispersal_statue_hall, fountainhead,
          minmay_parallelograms, roderic_serpentine_path
D:2:      layout_loops_ring, serial_aquarium, aquarium_bridge_long_separate
          [aquarium_subvault_balcony, aquarium_subvault_window,
          aquarium_subvault_bridge, aquarium_subvault_bridge,
          aquarium_subvault_bridge, aquarium_subvault_bridge],
          aquarium_window_2, aquarium_window_3, aquarium_window_2,
          aquarium_view_2e, aquarium_view_2b, aquarium_balcony_1b,
          aquarium_pool_double, grunt_decor_resistance, st_stairs_11,
          dk_noncrumbling_2, fountainhead, minivault_26,
          kennysheep_jessica_study
D:3:      layout_loops_ring, trog_three_pillars_becter
D:4:      layout_loops_ring, slow_altar_1, mainiacjoe_overflow_large_starburst
D:5:      layout_cave_pools, temple_doors_cd, uniq_prince_ribbit1
D:6:      layout_rooms
D:7:      hangedman_cross_stitches, layout_basic, makhleb_heckhound_becter,
          nzn_ghost_randoct
Temple:   hellmonk_temple_two_chambers

Skill      XL: |  1  2  3  4  5  6  7  8 |
---------------+-------------------------+-----
Fighting       | 1 2 |  2.8
Armour         | 1 2 |  2.4
Stealth        | 5 6 7 |  7.0
Hexes          | 5 6 |  6.9
Short Blades   | 2 3 |  3.8
Dodging        | 3 4 |  4.3
Throwing       | 1 2 |  2.2
Spellcasting   | 3 |  3.8

Action                     |  1- 3 |  4- 6 |  7- 9 || total
---------------------------+-------+-------+-------++-------
  Melee: Dagger            |    58 |    57 |    25 ||   140
         Short sword       |    82 |   142 |    29 ||   253
         Bite              |    13 |    26 |    13 ||    52
         Punch             |     2 |     6 |     2 ||    10
         Rapier            |       |       |    61 ||    61
   Cast: Ensorcelled Hiber |     1 |    20 |    14 ||    35
         Confusing Touch   |       |     7 |     2 ||     9
         Tukima's Dance    |       |     4 |     6 ||    10
    Use: Scroll            |       |     7 |     3 ||    10
         Potion            |       |       |     3 ||     3
   Stab: Sleeping          |    12 |    15 |    11 ||    38
         Confused          |       |     8 |     1 ||     9
         Distracted        |       |     1 |       ||     1
 Armour: Robe              |    19 |    15 |    17 ||    51
  Dodge: Dodged            |    65 |   104 |    81 ||   250
  Block: Other             |    22 |    42 |    27 ||    91
         Reflection        |       |       |     1 ||     1

Table legend: (Time is in decaauts)
 A = Elapsed time spent in this place.
 B = Non-inter-level travel time spent in this place.
 C = Inter-level travel time spent in this place.
 D = Time resting spent in this place.
 E = Time spent auto-exploring this place.
 F = Levels seen in this place.
 G = Mean time per level.
                   A        B        C        D        E       F      G
               +--------+--------+--------+--------+--------+-----+--------+
         Total |   6009 |   5871 |    138 |    217 |   4189 |   8 |  751.1 |
       Dungeon |   5985 |   5847 |    138 |    217 |   4189 |   7 |  855.0 |
        Temple |     24 |     24 |      0 |      0 |      0 |   1 |   24.0 |
               +--------+--------+--------+--------+--------+-----+--------+

Top non-repeatable levels by time:
     D:1: 1155 daAuts
     D:2: 1050 daAuts
     D:4: 966 daAuts
     D:6: 945 daAuts
     D:5: 920 daAuts
     D:3: 803 daAuts
     D:7: 143 daAuts
  Temple: 24 daAuts
